 Dungeon Crawl Stone Soup version 0.29.1-15-g9cfb28693d (webtiles) character file.

Game seed: 365650221803091972

3215 GigaChad the Cleaver (level 9, 0/80 HPs)
             Began as a Minotaur Gladiator on Mar 11, 2023.
             Was an Initiate of Gozag.
             Slain by an acid dragon (6 damage)
             ... on level 8 of the Dungeon.
             The game lasted 00:10:36 (9509 turns).

GigaChad the Cleaver (Minotaur Gladiator)           Turns: 9509, Time: 00:10:36

Health: 0/80       AC: 14    Str: 23    XL:     9   Next: 65%
Magic:  8/8        EV: 12    Int:  9    God:    Gozag
Gold:   1117       SH:  0    Dex: 12    Spells: 8/8 levels left

rFire   . . .      SeeInvis +   a - +0 war axe
rCold   x . .      Faith    .   (no shield)
rNeg    . . .      Spirit   .   o - +6 scale mail of Lew Koynwi {rC- Int+4 SInv}
rPois   .          Reflect  .   c - +1 hat
rElec   .          Harm     .   (no cloak)
rCorr   .          Rampage  .   (no gloves)
Will    .....                   (no boots)
Stlth   ..........              (no amulet)
HPRegen 0.23/turn               G - ring of see invisible
MPRegen 0.11/turn               (no ring)

@: lethally poisoned (0 -> -6), gold aura, slowed, very slow
A: horns 2, retaliatory headbutt
a: Renounce Religion, Potion Petition, Call Merchant, Bribe Branch


You were on level 8 of the Dungeon.
You worshipped Gozag.
Gozag was most pleased with you.
You visited 1 branch of the dungeon, and saw 8 of its levels.

You collected 1194 gold pieces.
You paid 77 gold pieces to Gozag.

Inventory:

Hand Weapons
 a - a +0 war axe (weapon)
 v - a +0 halberd
Missiles
 d - 3 throwing nets (quivered)
 e - 4 javelins
Armour
 b - a +0 leather armour
 c - a +1 hat (worn)
 o - the +6 scale mail of Lew Koynwi (worn) {rC- Int+4 SInv}
   (You found it on level 2 of the Dungeon)

   Int:       It affects your intelligence (+4).
   rC:        It makes you vulnerable to cold.
   SInv:      It lets you see invisible.
 w - a +0 tower shield
Jewellery
 n - a ring of wizardry
 G - a ring of see invisible (left hand)
Wands
 A - a wand of paralysis (12)
 H - a wand of polymorph (12)
 L - a wand of flame (10)
Scrolls
 g - a scroll of silence
 k - 3 scrolls of amnesia
 l - 4 scrolls of identify
 t - 4 scrolls of teleportation
 u - 3 scrolls of vulnerability
 y - a scroll of fear
 B - a scroll of butterflies
 I - a scroll of blinking
 J - a scroll of summoning
 K - a scroll of magic mapping
Potions
 f - 2 potions of mutation {unknown}
 h - 4 potions of curing
 i - 2 potions of degeneration {unknown}
 j - 3 potions of attraction {unknown}
 m - 3 potions of invisibility {unknown}
 p - 3 potions of lignification {unknown}
 q - 4 potions of magic {unknown}
 r - 2 potions of cancellation {unknown}
 s - a potion of berserk rage {unknown}
 x - 4 potions of ambrosia {unknown}
 z - 2 potions of brilliance {unknown}
 C - a potion of flight {unknown}
 D - a potion of might {unknown}


   Skills:
 * Level 7.7 Fighting
 + Level 9.7 Axes
 + Level 2.1 Throwing
 + Level 6.3 Armour
 * Level 6.8 Dodging
 + Level 1.6 Stealth
 * Level 6.1 Shields


You had 8 spell levels left.
You didn't know any spells.
Your spell library contained the following spells:

 Spells                   Type           Power      Damage    Failure   Level
 Summon Guardian Golem    Hex/Summ       0%         N/A       96%         3
 Airstrike                Air            0%         2d(0-16)  100%        4
 Summon Lightning Spire   Summ/Air       0%         N/A       100%        4
 Lightning Bolt           Conj/Air       0%         1d11      100%        5
 Orb of Destruction       Conj           0%         9d5       100%        7
 Spellforged Servitor     Conj/Summ      0%         N/A       100%        7


Dungeon Overview and Level Annotations

Branches:
Dungeon (8/15)             Temple (0/1) D:4
   Lair: D:8-11

Altars:
Elyvilon
Fedhas
Gozag
Okawaru
Wu Jian
Zin
The Shining One


Innate Abilities, Weirdness & Mutations

You have a pair of horns on your head.
You reflexively headbutt those who attack you in melee.


Message History

The acid dragon misses you. The acid dragon barely misses you.
You are too injured to fight recklessly!
Unknown command.
You are too injured to fight recklessly!
Unknown command.
You are too injured to fight recklessly!
Unknown command.
You are too injured to fight recklessly!
Unknown command.
You barely miss the acid dragon. Your headbutt misses the acid dragon.
The acid dragon is moderately wounded.
You hit the sky beast. You hit the gnoll. You miss the hornet.
You feel very sick.
The hornet stings you but does no damage.
The hornet closely misses you.
The gnoll is distracted by your dazzling golden aura.
The acid dragon barely misses you. The acid dragon closely misses you.
The gnoll barely misses you.
The sky beast flickers out of sight for a moment.
The sky beast hits you. The sky beast shocks you.
* * * LOW HITPOINT WARNING * * *
The gnoll shouts!
You miss the sky beast. You punch the sky beast.
The sky beast is heavily wounded.
You slash the gnoll!
You kill the gnoll!
You hit the hornet. You closely miss the acid dragon.
You feel yourself speed up.
You feel very sick.
You hear a shout!
The hornet barely misses you. The hornet closely misses you.
The sky beast completely misses you.
The gnoll is distracted by your dazzling golden aura.
The acid dragon bites you.
* * * LOW HITPOINT WARNING * * *
The acid dragon barely misses you. The hornet stings you!
* * * LOW HITPOINT WARNING * * *
You feel yourself slow down. The acid dragon bites you.
You die...
Your body crumbles into a pile of gold.

...!........
.................
.................
.......... ......
.........##......
.........#.......
.......Y$#.......
......D@$#.......
....#.#Kygg......
. .. ##.........
... ##......$.
... #.#..#.. ..
#z..##. # ..#!##
....#. .##


You could see a hornet, an acid dragon (catching breath), a sky beast
(invisible), a kobold brigand, a wight and 2 gnolls.

Vanquished Creatures
  Pikel (D:4)
  Prince Ribbit (D:6)
  Grinder (D:4)
  A wyvern (D:7)
  Menkaure (D:3)
  A water moccasin (D:6)
  2 sky beasts (D:7)
  An ogre (D:4)
  2 centaurs (D:5)
  3 phantoms
  3 lemures (D:4)
  2 bullfrogs
  2 scorpions
  A necrophage (D:6)
  4 howler monkeys
  6 hounds
  3 jellies
  An orc priest (D:7)
  6 iguanas
  2 orc wizards
  Natasha (twice) (D:2)
  10 gnolls
  5 adders
  3 shadow imps
  A white imp (D:6)
  An ufetubus (D:5)
  2 worms
  3 dart slugs (D:1)
  22 orcs
  7 bats
  3 endoplasms
  2 giant cockroaches
  16 goblins
  18 hobgoblins
  A quokka (D:3)
  7 ball pythons
  5 frilled lizards
  A goblin skeleton (D:5)
  2 goblin zombies (D:5)
  3 hobgoblin zombies (D:5)
  14 kobolds
  A kobold skeleton (D:5)
  A kobold zombie (D:5)
  An orc skeleton (D:5)
  2 orc zombies (D:5)
  4 rats
181 creatures vanquished.

Vanquished Creatures (others)
  2 plants (D:4)
2 creatures vanquished.

Grand Total: 183 creatures vanquished

Notes
Turn   | Place    | Note
-------+----------+-------------------------------------------
     0 | D:1      | GigaChad the Minotaur Gladiator began the quest for the
                  | Orb.
     0 | D:1      | Reached XP level 1. HP: 18/18 MP: 0/0
    94 | D:1      | Reached skill level 4 in Axes
   103 | D:1      | Reached XP level 2. HP: 4/25 MP: 1/1
   984 | D:1      | Reached XP level 3. HP: 26/30 MP: 2/2
  1258 | D:1      | Reached skill level 1 in Armour
  1585 | D:2      | Found a faded altar of an unknown god.
  1786 | D:2      | Noticed Natasha
  1796 | D:2      | Killed Natasha
  1799 | D:2      | Identified the +6 scale mail of Lew Koynwi {rC- Int+4 SInv}
  2189 | D:2      | Noticed Natasha
  2194 | D:2      | Killed Natasha
  2195 | D:2      | Reached XP level 4. HP: 34/37 MP: 3/3
  2655 | D:3      | Reached skill level 5 in Axes
  2830 | D:3      | Found an ornate altar of the Wu Jian Council.
  3428 | D:4      | Found a white marble altar of Elyvilon.
  3432 | D:4      | Noticed Grinder
  3432 | D:4      | Noticed Menkaure
  3854 | D:3      | Killed Menkaure
  3855 | D:3      | Reached skill level 1 in Shields
  3855 | D:3      | Reached XP level 5. HP: 8/45 MP: 4/4
  4303 | D:4      | Paralysed by Grinder for 4 turns
  4744 | D:3      | Reached skill level 1 in Stealth
  4752 | D:4      | Reached XP level 6. HP: 41/51 MP: 5/5
  4754 | D:4      | Paralysed by Grinder for 3 turns
  4759 | D:4      | Killed Grinder
  4760 | D:4      | Reached skill level 6 in Axes
  5167 | D:4      | Found a glowing silver altar of Zin.
  5167 | D:4      | Found an opulent altar of Gozag.
  5167 | D:4      | Noticed Pikel
  5180 | D:4      | Killed Pikel
  5181 | D:4      | Reached skill level 5 in Fighting
  5181 | D:4      | Reached skill level 7 in Axes
  5181 | D:4      | Reached skill level 5 in Dodging
  5181 | D:4      | Reached XP level 7. HP: 44/61 MP: 6/6
  5194 | D:4      | Became a worshipper of Gozag Ym Sagoz the Greedy
  5416 | D:4      | Reached XP level 8. HP: 68/68 MP: 7/7
  5638 | D:4      | Found a staircase to the Ecumenical Temple.
  5835 | D:5      | Entered Level 5 of the Dungeon
  6102 | D:5      | Reached skill level 8 in Axes
  6181 | D:5      | Reached skill level 5 in Armour
  6223 | D:5      | Found a blossoming altar of Fedhas.
  6276 | D:5      | Found an iron altar of Okawaru.
  6621 | D:5      | Found a glowing golden altar of the Shining One.
  7281 | D:6      | Reached XP level 9. HP: 56/79 MP: 8/8
  7391 | D:6      | Reached skill level 5 in Shields
  7927 | D:6      | Noticed Prince Ribbit
  7942 | D:6      | Killed Prince Ribbit
  7943 | D:6      | Reached skill level 9 in Axes
  9509 | D:8      | Slain by an acid dragon

Illustrated notes

Levels and vault maps discovered:
D:1:      dpeg_arrival_houses_and_road, layout_loops_ring,
          corexii_hall_statues_i, hangedman_feature_mirror, minmay_pentomino_z4
D:2:      layout_loops_corners, ebering_ecumenical_altar_ruins, uniq_natasha
D:3:      layout_basic, nicolae_wu_jian_glorious_leap,
          minmay_misc_feat_more_columns
D:4:      corexii_shantytown, layout_rooms,
          grunt_temple_overflow_gold_and_silver, elyvilon_altar_5,
          minmay_temple_entry_grid, minmay_fountain_box, uniq_pikel,
          uniq_grinder, uniq_menkaure
D:5:      layout_rooms, kennysheep_little_box, nicolae_tso_besieged_by_evil,
          fedhas_bush_and_centaur_altar
D:6:      layout_loops_corners, uniq_prince_ribbit1
D:7:      layout_cave_pools
D:8:      cheibrodos_wizards_tower, layout_rooms, mainiacjoe_overflow_boulevard,
          lemuel_blue_sif_altar, grunt_dithmenos_shadows,
          gammafunk_temple_overflow_pools, minmay_fractal_squares_gapless_5,
          uniq_erica

Skill      XL: |  1  2  3  4  5  6  7  8  9 |
---------------+----------------------------+-----
Axes           | 4 5 7 8 9 |  9.7
Armour         | 2 3 4 5 6 |  6.3
Dodging        | 4 5 6 |  6.8
Fighting       | 3 5 7 |  7.7
Shields        | 1 3 4 6 |  6.1
Stealth        | 1 |  1.6
Throwing       | |  2.1

Action                   |  1- 3 |  4- 6 |  7- 9 || total
-------------------------+-------+-------+-------++-------
Melee: War axe           |    71 |    69 |   277 ||   417
       Punch             |     2 |     1 |     4 ||     7
       Headbutt          |     6 |    13 |    39 ||    58
  Use: Scroll            |       |     8 |     6 ||    14
 Stab: Distracted        |       |       |     1 ||     1
Armor: Leather armour    |    15 |       |       ||    15
       Scale mail        |     1 |    59 |   153 ||   213
Dodge: Dodged            |    53 |    82 |   214 ||   349
